Lightning vs Canadiens

Created - 29 décembre 2017 at 09:05

Goals
1 2 3 T
Lightning 2 1 2 5
Canadiens 1 4 2 7
Shots
1 2 3 T
Lightning 12 16 7 35
Canadiens 9 12 12 33

1st period

1. Lightning , Ryan Dzingel 7 (Antoine Vermette 8, Ryan Nugent-Hopkins 17) at 12:54
2. Canadiens , Patrick Marleau 12 (MATHEW BARZAL 5, Reilly Smith 15) at 17:45
3. Lightning , Tyler Seguin 9 (Radim Vrbata 11, Nick Foligno 12) at 19:01

Penalties :
No Penalty

2nd period

4. Canadiens , Patrick Marleau 13 (MATHEW BARZAL 6) at 4:37
5. Canadiens , Patrick Marleau 14 (MATHEW BARZAL 7, Reilly Smith 16) at 8:21
6. Lightning , Ryan Nugent-Hopkins 10 (Viktor Stalberg 7, Andrej Sekera 18) at 12:44
7. Canadiens , Nino Niederreiter 12 (Max Pacioretty 14, Bryan Little 12) at 14:24
8. Canadiens , Max Pacioretty 9 (Nino Niederreiter 11, Ryan Strome 9) at 17:06

Penalties :
Brian Elliott (MTL) for Delaying the game (Minor) at 9:57 - Calvin de Haan served the penalty

3rd period

9. Lightning , Radko Gudas 2 (Andrej Sekera 19, Eddie Lack) at 6:52
10. Canadiens , Reilly Smith 8 (MATHEW BARZAL 8, Brent Seabrook 13) at 8:08
11. Lightning , Ryan Nugent-Hopkins 11 (Drew Stafford 7, Viktor Stalberg 8) at 14:13
12. Canadiens , Chris Kreider 11 (Sven Baertschi 9, Antoine Roussel 12) at 19:39 (Empty Net)

Penalties :
Radko Gudas (TAM) for Hooking (Minor) at 2:02, Ryan Strome (MTL) for Goalie Interference (Minor) at 14:18

Goalie Stats

Braden Holtby (TAM), 16 saves from 21 shots - (0,762), 37:06 minutes
Eddie Lack (TAM), 10 saves from 11 shots - (0,909), L, 1-4-2, 22:32 minutes
Brian Elliott (MTL), 30 saves from 35 shots - (0,857), W, 5-4-0, 60:00 minutes

Players Stats for Lightning

Player Name              G  A  P  +/- PIM S  H  SB GA TA FO     MP     PP MP  PK MP  
------------------------------------------------------------------------------------
Andrej Sekera            0  2  2   1  0   1  1  0  0  0  0/0    27:48   2:20   1:08 
Antoine Vermette         0  1  1   2  0   2  0  0  1  1  1/2    10:53   0:38   0:00 
Carl Soderberg           0  0  0   2  0   0  0  0  0  0  0/0    10:08   0:13   0:00 
Colin Miller             0  0  0  -2  0   0  0  0  0  1  0/0    12:56   0:43   1:27 
Dennis Seidenberg        0  0  0  -1  0   1  1  2  0  1  0/0    20:12   0:55   0:32 
Drew Stafford            0  1  1   2  0   4  0  0  0  0  0/0    10:57   0:38   0:00 
Johnny Boychuk           0  0  0  -1  0   1  1  1  0  0  0/0    19:42   0:55   0:00 
Jonathan Marchessault    0  0  0  -1  0   4  1  0  0  0  0/0    19:03   0:59   0:00 
Jussi Jokinen            0  0  0  -1  0   4  3  0  0  2  1/1    19:04   0:59   0:00 
Matt Cullen              0  0  0  -1  0   0  1  1  0  1  12/18  19:53   0:59   0:50 
Nick Foligno             0  1  1  -5  0   2  2  1  0  0  1/2    18:19   2:08   1:01 
Noah Hanifin             0  0  0  -2  0   0  0  2  0  0  0/0    13:43   2:20   0:51 
Radim Vrbata             0  1  1  -5  0   4  0  0  0  0  1/3    18:17   2:08   0:58 
Radko Gudas              1  0  1   1  2   2  0  1  0  1  0/0    25:21   0:43   0:00 
Ryan Dzingel             1  0  1   2  0   2  0  0  0  0  0/0    10:17   0:32   0:00 
Ryan Nugent-Hopkins      2  1  3   2  0   3  0  0  0  0  3/5    11:16   0:32   0:00 
Tyler Seguin             1  0  1  -5  0   5  2  0  1  1  15/29  18:19   2:08   1:01 
Viktor Stalberg          0  2  2   2  0   0  2  0  0  1  0/0    11:10   0:00   0:08 

Players Stats for Canadiens

Player Name              G  A  P  +/- PIM S  H  SB GA TA FO     MP     PP MP  PK MP  
------------------------------------------------------------------------------------
Alexei Emelin            0  0  0  -2  0   0  1  2  0  0  0/0    16:36   1:05   2:13 
Andreas Athanasiou       0  0  0  -1  0   0  1  0  1  0  0/2     9:33   0:00   0:41 
Antoine Roussel          0  1  1   0  0   1  2  1  0  0  0/0    11:06   0:00   1:57 
Brent Seabrook           0  1  1   1  0   0  1  4  0  0  0/0    22:15   1:12   1:32 
Brett Pesce              0  0  0   2  0   0  0  3  1  0  0/0    21:17   0:15   1:06 
Bryan Little             0  1  1  -1  0   0  2  0  0  0  9/20   15:45   0:00   1:45 
Calvin de Haan           0  0  0  -2  0   0  2  1  1  1  0/0    15:45   1:09   1:20 
Chris Kreider            1  0  1   0  0   6  0  0  1  0  0/0    16:09   0:55   0:13 
Francois Beauchemin      0  0  0   3  0   0  2  1  0  1  0/0    18:04   0:00   1:45 
Jake Muzzin              0  0  0   1  0   3  2  0  0  0  0/0    24:52   0:17   0:00 
MATHEW BARZAL            0  4  4   4  0   1  0  0  2  0  13/23  19:31   0:37   0:47 
Max Pacioretty           1  1  2  -1  0   4  3  0  2  0  0/0    13:08   1:04   0:24 
Mitchell Marner          0  0  0  -1  0   1  1  0  1  0  0/2    16:00   1:04   0:57 
Nino Niederreiter        1  1  2  -1  0   4  0  1  0  0  1/3    13:42   0:55   0:00 
Patrick Marleau          3  0  3   4  0   5  3  0  0  0  0/0    18:21   0:46   0:00 
Reilly Smith             1  2  3   4  0   2  1  0  0  0  0/0    19:13   0:18   0:14 
Ryan Strome              0  1  1  -1  2   2  2  1  0  0  3/10   14:16   0:18   0:58 
Sven Baertschi           0  1  1   0  0   4  0  0  0  0  0/0     9:14   0:00   0:00 

3 Stars

1 - Patrick Marleau (MTL)
2 - Reilly Smith (MTL)
3 - MATHEW BARZAL (MTL)

Power Play

Lightning - 0 on 2 Attempt(s) - 0,00%
Canadiens - 0 on 1 Attempt(s) - 0,00%

Penalty Kill

Lightning - 1 on 1 Attempt(s) - 100,00% - Score 0 goal in Penalty Kill
Canadiens - 2 on 2 Attempt(s) - 100,00% - Score 0 goal in Penalty Kill

Team Stat

Lightning - Hits : 14 - Faceoff Wins : 34 - Blocked Shots : 8 - Penalty Minutes : 2
Canadiens - Hits : 23 - Faceoff Wins : 26 - Blocked Shots : 14 - Penalty Minutes : 4

Official

Referees : Gord Dwyer and Mark Lemelin
Linesman : Brian Mach and Thor Nelson

Game Notes

Patrick Marleau has scored a Hat Trick!
Eddie Lack enters game at 17:06 of 2nd period
Chris Kreider has scored in a empty net!

Finance

Level 1 -- Attendance: 2593 (43,22%) -- Ticket Income 464 147 $
Level 2 -- Attendance: 2848 (56,96%) -- Ticket Income 253 472 $
Level 3 -- Attendance: 917 (45,85%) -- Ticket Income 54 103 $
Level 4 -- Attendance: 1600 (40,00%) -- Ticket Income 78 400 $
Luxury Box -- Attendance: 649 (64,90%) -- Ticket Income 131 747 $
Game was played at the Centurions Coliseum.
Total Attendance: 8607 (47,82%)
Total Ticket Income: 981 869 $
Other Income: 481 116 $
Total Income: 1 462 985 $

Lightning

5 vs 5 Forward 
   Center                   Left Wing                Right Wing               Time % Phy DF OF 
 1 Tyler Seguin             Nick Foligno             Radim Vrbata             30     1   2  2  
 2 Matt Cullen              Jussi Jokinen            Jonathan Marchessault    30     1   2  2  
 3 Ryan Nugent-Hopkins      Viktor Stalberg          Drew Stafford            20     1   2  2  
 4 Antoine Vermette         Ryan Dzingel             Carl Soderberg           20     1   2  2  

5 vs 5 Defense 
   Defense                  Defense                                           Time % Phy DF OF 
 1 Andrej Sekera            Radko Gudas                                       40     1   2  2  
 2 Dennis Seidenberg        Johnny Boychuk                                    30     1   2  2  
 3 Noah Hanifin             Colin Miller                                      20     1   2  2  
 4 Radko Gudas              Andrej Sekera                                     10     1   2  2  

PowerPlay Forward 
   Center                   Left Wing                Right Wing               Time % Phy DF OF 
 1 Tyler Seguin             Nick Foligno             Radim Vrbata             50     0   0  5  
 2 Matt Cullen              Jussi Jokinen            Jonathan Marchessault    50     0   0  5  

PowerPlay Defense
   Defense                  Defense                                           Time % Phy DF OF 
 1 Andrej Sekera            Noah Hanifin                                      50     0   0  5  
 2 Dennis Seidenberg        Johnny Boychuk                                    50     0   0  5  

Penalty Kill 4 Players Forward 
   Center                   Wing                     Time % Phy DF OF 
 1 Tyler Seguin             Nick Foligno             50     1   2  2  
 2 Radim Vrbata             Matt Cullen              50     1   2  2  

Penalty Kill 4 Players Defense
   Defense                  Defense                  Time % Phy DF OF 
 1 Andrej Sekera            Radko Gudas              50     1   2  2  
 2 Colin Miller             Noah Hanifin             50     1   2  2  

Penalty Kill - 3 Players Forward 
   Forward                                           Time % Phy DF OF 
 1 Tyler Seguin                                      50     1   2  2  
 2 Nick Foligno                                      50     1   2  2  

Penalty Kill - 3 Players Defense
   Defense                  Defense                  Time % Phy DF OF 
 1 Andrej Sekera            Radko Gudas              50     1   2  2  
 2 Dennis Seidenberg        Johnny Boychuk           50     1   2  2  

4 vs 4 Forward 
   Center                   Wing                     Time % Phy DF OF 
 1 Tyler Seguin             Nick Foligno             50     1   2  2  
 2 Radim Vrbata             Matt Cullen              50     1   2  2  

4 vs 4 Defense
   Defense                  Defense                  Time % Phy DF OF 
 1 Noah Hanifin             Radko Gudas              50     1   2  2  
 2 Andrej Sekera            Colin Miller             50     1   2  2  

Last Minutes Offensive
   Center                   Left Wing                Right Wing               Defense                  Defense                  
   Tyler Seguin             Nick Foligno             Radim Vrbata             Noah Hanifin             Radko Gudas              

Last Minutes Defensive
   Center                   Left Wing                Right Wing               Defense                  Defense                  
   Tyler Seguin             Nick Foligno             Radim Vrbata             Andrej Sekera            Radko Gudas              

Goaltenders
Starting : Braden Holtby            
Backup : Eddie Lack               

Extra Forwards
Normal : Ryan Nugent-Hopkins, Antoine Vermette, Viktor Stalberg - PP : Ryan Nugent-Hopkins, Antoine Vermette - PK : Viktor Stalberg
Extra Defensemen
Normal : Noah Hanifin, Colin Miller, Dennis Seidenberg - PP : Noah Hanifin - PK : Colin Miller, Dennis Seidenberg
Penalty Shots
Tyler Seguin, Nick Foligno, Radim Vrbata, Matt Cullen, Jussi Jokinen
Custom OT Lines Forwards
Tyler Seguin, Nick Foligno, Radim Vrbata, Matt Cullen, Jussi Jokinen, Ryan Nugent-Hopkins, Jonathan Marchessault, Antoine Vermette, Viktor Stalberg, Drew Stafford
Custom OT Lines Defensemen
Andrej Sekera, Radko Gudas, Dennis Seidenberg, Johnny Boychuk, Noah Hanifin

Scratches
Eric Tangradi (Healthy), Michal Rozsival (Healthy)

Canadiens

5 vs 5 Forward 
   Center                   Left Wing                Right Wing               Time % Phy DF OF 
 1 Bryan Little             Chris Kreider            Mitchell Marner          29     0   2  3  
 2 MATHEW BARZAL            Reilly Smith             Patrick Marleau          29     0   2  3  
 3 Ryan Strome              Max Pacioretty           Nino Niederreiter        25     0   2  3  
 4 Andreas Athanasiou       Antoine Roussel          Sven Baertschi           17     0   2  3  

5 vs 5 Defense 
   Defense                  Defense                                           Time % Phy DF OF 
 1 Brent Seabrook           Francois Beauchemin                               32     0   3  2  
 2 Jake Muzzin              Brett Pesce                                       32     0   3  2  
 3 Alexei Emelin            Calvin de Haan                                    25     0   3  2  
 4 Brent Seabrook           Jake Muzzin                                       11     0   3  2  

PowerPlay Forward 
   Center                   Left Wing                Right Wing               Time % Phy DF OF 
 1 Patrick Marleau          Max Pacioretty           Mitchell Marner          50     0   1  4  
 2 MATHEW BARZAL            Chris Kreider            Nino Niederreiter        50     0   1  4  

PowerPlay Defense
   Defense                  Defense                                           Time % Phy DF OF 
 1 Brent Seabrook           Jake Muzzin                                       50     0   2  3  
 2 Brett Pesce              Calvin de Haan                                    50     0   2  3  

Penalty Kill 4 Players Forward 
   Center                   Wing                     Time % Phy DF OF 
 1 Ryan Strome              Antoine Roussel          60     0   4  1  
 2 Bryan Little             Reilly Smith             40     0   4  1  

Penalty Kill 4 Players Defense
   Defense                  Defense                  Time % Phy DF OF 
 1 Brett Pesce              Francois Beauchemin      60     0   5  0  
 2 Alexei Emelin            Calvin de Haan           40     0   5  0  

Penalty Kill - 3 Players Forward 
   Forward                                           Time % Phy DF OF 
 1 Antoine Roussel                                   50     0   5  0  
 2 Reilly Smith                                      50     0   5  0  

Penalty Kill - 3 Players Defense
   Defense                  Defense                  Time % Phy DF OF 
 1 Brent Seabrook           Francois Beauchemin      50     0   5  0  
 2 Calvin de Haan           Alexei Emelin            50     0   5  0  

4 vs 4 Forward 
   Center                   Wing                     Time % Phy DF OF 
 1 Patrick Marleau          Chris Kreider            50     0   2  3  
 2 Max Pacioretty           Nino Niederreiter        50     0   2  3  

4 vs 4 Defense
   Defense                  Defense                  Time % Phy DF OF 
 1 Brent Seabrook           Calvin de Haan           50     0   3  2  
 2 Jake Muzzin              Brett Pesce              50     0   3  2  

Last Minutes Offensive
   Center                   Left Wing                Right Wing               Defense                  Defense                  
   Patrick Marleau          Mitchell Marner          Chris Kreider            Brent Seabrook           Jake Muzzin              

Last Minutes Defensive
   Center                   Left Wing                Right Wing               Defense                  Defense                  
   Bryan Little             Antoine Roussel          Reilly Smith             Francois Beauchemin      Brent Seabrook           

Goaltenders
Starting : Brian Elliott            
Backup : Robin Lehner             

Extra Forwards
Normal : Reilly Smith, Ryan Strome, Sven Baertschi - PP : Reilly Smith, Ryan Strome - PK : MATHEW BARZAL
Extra Defensemen
Normal : Calvin de Haan, Brett Pesce, Francois Beauchemin - PP : Calvin de Haan - PK : Brett Pesce, Francois Beauchemin
Penalty Shots
Antoine Roussel, Mitchell Marner, Brent Seabrook, MATHEW BARZAL, Patrick Marleau
Custom OT Lines Forwards
Bryan Little, MATHEW BARZAL, Max Pacioretty, Mitchell Marner, Chris Kreider, Patrick Marleau, Nino Niederreiter, Reilly Smith, Ryan Strome, Sven Baertschi
Custom OT Lines Defensemen
Brent Seabrook, Jake Muzzin, Brett Pesce, Calvin de Haan, Francois Beauchemin

Scratches
Steve Ott (Healthy), Taylor Chorney (Healthy), Taylor Beck (Healthy)

% Time on Ice - Lightning

Lines # - Real PCT - Wanted PCT - Time Play
Normal Forward
1 - 31% - 30% - 16:40
2 - 34% - 30% - 18:05
3 - 18% - 20% - 9:31
4 - 17% - 20% - 8:57
Normal Defense
1 - 39% - 40% - 20:35
2 - 35% - 30% - 18:39
3 - 20% - 20% - 10:30
4 - 7% - 10% - 3:29
PP Forward
1 - 75% - 50% - 2:59
2 - 25% - 50% - 0:59
PP Defense
1 - 77% - 50% - 3:03
2 - 23% - 50% - 0:55
PK Forward
1 - 51% - 50% - 1:01
2 - 49% - 50% - 0:58
PK Defense
1 - 57% - 50% - 1:08
2 - 43% - 50% - 0:51
PK3 Forward
1 - 0% - 50%
2 - 0% - 50%
PK3 Defense
1 - 0% - 50%
2 - 0% - 50%
44 Forward
1 - 0% - 50%
2 - 0% - 50%
44 Defense
1 - 0% - 50%
2 - 0% - 50%
Last Minute Offensive  - 0:50
Last Minute Defensive  - 0:00
Total
Forward - 60:00
Defense - 60:00

% Time on Ice - Canadiens

Lines # - Real PCT - Wanted PCT - Time Play
Normal Forward
1 - 28% - 29% - 15:07
2 - 35% - 29% - 18:43
3 - 22% - 25% - 11:52
4 - 14% - 17% - 7:30
Normal Defense
1 - 31% - 32% - 16:25
2 - 36% - 32% - 19:07
3 - 24% - 25% - 12:57
4 - 9% - 11% - 4:43
PP Forward
1 - 54% - 50% - 1:04
2 - 46% - 50% - 0:55
PP Defense
1 - 61% - 50% - 1:12
2 - 39% - 50% - 0:47
PK Forward
1 - 94% - 60% - 3:44
2 - 6% - 40% - 0:14
PK Defense
1 - 44% - 60% - 1:45
2 - 56% - 40% - 2:13
PK3 Forward
1 - 0% - 50%
2 - 0% - 50%
PK3 Defense
1 - 0% - 50%
2 - 0% - 50%
44 Forward
1 - 0% - 50%
2 - 0% - 50%
44 Defense
1 - 0% - 50%
2 - 0% - 50%
Last Minute Offensive  - 0:00
Last Minute Defensive  - 0:51
Total
Forward - 60:00
Defense - 60:00

Play by Play

1st period


0:01 of 1st period - Tyler Seguin wins face-off versus Bryan Little in neutral zone.
0:31 of 1st period - Brent Seabrook is hit by Jussi Jokinen.
1:59 of 1st period - Alexei Emelin is hit by Johnny Boychuk and loses puck.
2:14 of 1st period - Ryan Nugent-Hopkins is hit by Calvin de Haan and loses puck.
2:35 of 1st period - Ryan Dzingel is hit by Antoine Roussel and loses puck.
2:44 of 1st period - Backhand shot by Sven Baertschi.
2:44 of 1st period - Stopped by Braden Holtby without a rebound.
2:45 of 1st period - Matt Cullen wins face-off versus Bryan Little in Lightning zone.
3:39 of 1st period - Wrist shot by Nino Niederreiter.
3:39 of 1st period - Shot Blocked by Noah Hanifin.
3:41 of 1st period - Slapshot by Brent Seabrook.
3:41 of 1st period - Deflect By Max Pacioretty.
3:41 of 1st period - Shot Misses the Net.
3:41 of 1st period - Puck is out of play.
3:42 of 1st period - Matt Cullen wins face-off versus Andreas Athanasiou in Lightning zone.
3:53 of 1st period - Snap shot by Jonathan Marchessault.
3:53 of 1st period - Shot Misses the Net.
3:55 of 1st period - Snap shot by Matt Cullen.
3:55 of 1st period - Shot Misses the Net.
4:49 of 1st period - Slapshot by Ryan Dzingel.
4:49 of 1st period - Stopped by Brian Elliott without a rebound.
4:50 of 1st period - Ryan Strome wins face-off versus Matt Cullen in Canadiens zone.
5:24 of 1st period - Radim Vrbata is hit by Patrick Marleau and loses puck.
6:22 of 1st period - Radko Gudas is hit by Jake Muzzin and loses puck.
7:01 of 1st period - Brett Pesce is hit by Andrej Sekera and loses puck.
7:06 of 1st period - Wrist shot by Tyler Seguin.
7:06 of 1st period - Shot Misses the Net.
7:08 of 1st period - Wrist shot by Nick Foligno.
7:08 of 1st period - Shot Blocked by Ryan Strome.
7:10 of 1st period - Slapshot by Andrej Sekera.
7:10 of 1st period - Shot Blocked by Nino Niederreiter.
7:12 of 1st period - Slapshot by Radko Gudas.
7:12 of 1st period - Stopped by Brian Elliott without a rebound.
7:13 of 1st period - Matt Cullen wins face-off versus Bryan Little in Canadiens zone.
7:16 of 1st period - Snap shot by Jonathan Marchessault.
7:16 of 1st period - Deflect By Jussi Jokinen.
7:16 of 1st period - Shot Misses the Net.
7:16 of 1st period - Puck is out of play.
7:17 of 1st period - Matt Cullen wins face-off versus Bryan Little in Canadiens zone.
7:20 of 1st period - Snap shot by Jonathan Marchessault.
7:20 of 1st period - Deflect By Jussi Jokinen.
7:20 of 1st period - Shot Misses the Net.
7:20 of 1st period - Puck is out of play.
7:21 of 1st period - Matt Cullen wins face-off versus Bryan Little in Canadiens zone.
7:30 of 1st period - Snap shot by Chris Kreider.
7:30 of 1st period - Stopped by Braden Holtby with a rebound.
7:52 of 1st period - Snap shot by Drew Stafford.
7:52 of 1st period - Stopped by Brian Elliott with a rebound.
8:33 of 1st period - Slapshot by Calvin de Haan.
8:33 of 1st period - Shot Misses the Net.
8:43 of 1st period - Wrist shot by Max Pacioretty.
8:43 of 1st period - Stopped by Braden Holtby with a rebound.
9:15 of 1st period - Snap shot by Mitchell Marner.
9:15 of 1st period - Shot Misses the Net.
9:43 of 1st period - Snap shot by Antoine Roussel.
9:43 of 1st period - Stopped by Braden Holtby without a rebound.
9:44 of 1st period - Matt Cullen wins face-off versus Mitchell Marner in Lightning zone.
9:49 of 1st period - Slapshot by Mitchell Marner.
9:49 of 1st period - Stopped by Braden Holtby without a rebound.
9:50 of 1st period - Matt Cullen wins face-off versus Bryan Little in Lightning zone.
9:50 of 1st period - Matt Cullen is hit by Bryan Little.
10:20 of 1st period - Snap shot by Radim Vrbata.
10:20 of 1st period - Stopped by Brian Elliott with a rebound.
10:22 of 1st period - Slapshot by Tyler Seguin.
10:22 of 1st period - Shot Blocked by Brent Seabrook.
11:30 of 1st period - Wrist shot by Sven Baertschi.
11:30 of 1st period - Stopped by Braden Holtby without a rebound.
11:31 of 1st period - MATHEW BARZAL wins face-off versus Tyler Seguin in Lightning zone.
11:58 of 1st period - Johnny Boychuk is hit by Bryan Little and loses puck.
12:48 of 1st period - Snap shot by Ryan Nugent-Hopkins.
12:48 of 1st period - Shot Blocked by Antoine Roussel.
12:54 of 1st period - Wrist shot by Ryan Dzingel.
12:54 of 1st period - Goal by Ryan Dzingel - Lightning : 1 - Canadiens : 0.
12:55 of 1st period - Tyler Seguin wins face-off versus MATHEW BARZAL in neutral zone.
13:08 of 1st period - Slapshot by Radim Vrbata.
13:08 of 1st period - Stopped by Brian Elliott with a rebound.
13:20 of 1st period - Carl Soderberg is hit by Ryan Strome and loses puck.
13:54 of 1st period - Off-side.
13:55 of 1st period - MATHEW BARZAL wins face-off versus Tyler Seguin in neutral zone.
14:02 of 1st period - Snap shot by Radim Vrbata.
14:02 of 1st period - Shot Misses the Net.
14:22 of 1st period - Calvin de Haan is hit by Jonathan Marchessault and loses puck.
15:12 of 1st period - Snap shot by Drew Stafford.
15:12 of 1st period - Shot Blocked by Brett Pesce.
15:14 of 1st period - Slapshot by Dennis Seidenberg.
15:14 of 1st period - Stopped by Brian Elliott without a rebound.
15:15 of 1st period - MATHEW BARZAL wins face-off versus Radim Vrbata in Canadiens zone.
15:23 of 1st period - Off-side.
15:24 of 1st period - MATHEW BARZAL wins face-off versus Tyler Seguin in neutral zone.
15:27 of 1st period - Slapshot by Jake Muzzin.
15:27 of 1st period - Stopped by Braden Holtby with a rebound.
15:29 of 1st period - Wrist shot by Reilly Smith.
15:29 of 1st period - Stopped by Braden Holtby without a rebound.
15:30 of 1st period - Tyler Seguin wins face-off versus Nino Niederreiter in Lightning zone.
15:46 of 1st period - Off-side.
15:47 of 1st period - Matt Cullen wins face-off versus Bryan Little in neutral zone.
15:53 of 1st period - Snap shot by Matt Cullen.
15:53 of 1st period - Shot Hit the Post.
15:55 of 1st period - Slapshot by Radko Gudas.
15:55 of 1st period - Shot Blocked by Brett Pesce.
16:25 of 1st period - Snap shot by Jonathan Marchessault.
16:25 of 1st period - Shot Blocked by Francois Beauchemin.
17:05 of 1st period - Slapshot by Viktor Stalberg.
17:05 of 1st period - Shot Blocked by Calvin de Haan.
17:11 of 1st period - Wrist shot by Mitchell Marner.
17:11 of 1st period - Shot Hit the Post.
17:33 of 1st period - Snap shot by Drew Stafford.
17:33 of 1st period - Stopped by Brian Elliott without a rebound.
17:34 of 1st period - Tyler Seguin wins face-off versus MATHEW BARZAL in Canadiens zone.
17:37 of 1st period - Snap shot by Radim Vrbata.
17:37 of 1st period - Stopped by Brian Elliott without a rebound.
17:38 of 1st period - MATHEW BARZAL wins face-off versus Nick Foligno in Canadiens zone.
17:45 of 1st period - Wrist shot by Patrick Marleau.
17:45 of 1st period - Goal by Patrick Marleau - Lightning : 1 - Canadiens : 1.
17:46 of 1st period - Tyler Seguin wins face-off versus MATHEW BARZAL in neutral zone.
18:11 of 1st period - Carl Soderberg is hit by Jake Muzzin.
19:01 of 1st period - Slapshot by Radim Vrbata.
19:01 of 1st period - Deflect By Tyler Seguin.
19:01 of 1st period - Goal by Tyler Seguin - Lightning : 2 - Canadiens : 1.
19:02 of 1st period - Tyler Seguin wins face-off versus Andreas Athanasiou in neutral zone.
19:13 of 1st period - Snap shot by Nick Foligno.
19:13 of 1st period - Stopped by Brian Elliott without a rebound.
19:14 of 1st period - Matt Cullen wins face-off versus Bryan Little in Canadiens zone.
19:25 of 1st period - Snap shot by Jussi Jokinen.
19:25 of 1st period - Stopped by Brian Elliott without a rebound.
19:26 of 1st period - MATHEW BARZAL wins face-off versus Antoine Vermette in Canadiens zone.
Goals for this period are 2 for Lightning vs 1 for Canadiens.
Shots for this period are 12 for Lightning vs 9 for Canadiens.

2nd period


0:01 of 2nd period - Bryan Little wins face-off versus Matt Cullen in neutral zone.
0:12 of 2nd period - Snap shot by Jonathan Marchessault.
0:12 of 2nd period - Shot Misses the Net.
0:14 of 2nd period - Slapshot by Andrej Sekera.
0:14 of 2nd period - Shot Blocked by Brent Seabrook.
0:16 of 2nd period - Slapshot by Andrej Sekera.
0:16 of 2nd period - Shot Misses the Net.
0:28 of 2nd period - Snap shot by Patrick Marleau.
0:28 of 2nd period - Stopped by Braden Holtby without a rebound.
0:29 of 2nd period - Tyler Seguin wins face-off versus MATHEW BARZAL in Lightning zone.
1:16 of 2nd period - Wrist shot by Bryan Little.
1:16 of 2nd period - Shot Misses the Net.
1:18 of 2nd period - Snap shot by Chris Kreider.
1:18 of 2nd period - Stopped by Braden Holtby without a rebound.
1:19 of 2nd period - Jussi Jokinen wins face-off versus Bryan Little in Lightning zone.
1:51 of 2nd period - Snap shot by Nick Foligno.
1:51 of 2nd period - Shot Blocked by Alexei Emelin.
1:53 of 2nd period - Snap shot by Tyler Seguin.
1:53 of 2nd period - Stopped by Brian Elliott with a rebound.
2:16 of 2nd period - Slapshot by Drew Stafford.
2:16 of 2nd period - Shot Misses the Net.
2:45 of 2nd period - Snap shot by MATHEW BARZAL.
2:45 of 2nd period - Shot Hit the Post.
2:59 of 2nd period - Snap shot by Max Pacioretty.
2:59 of 2nd period - Shot Blocked by Matt Cullen.
3:13 of 2nd period - Snap shot by Jonathan Marchessault.
3:13 of 2nd period - Stopped by Brian Elliott with a rebound.
3:15 of 2nd period - Slapshot by Johnny Boychuk.
3:15 of 2nd period - Stopped by Brian Elliott with a rebound.
3:29 of 2nd period - Snap shot by Jonathan Marchessault.
3:29 of 2nd period - Shot Misses the Net.
3:31 of 2nd period - Wrist shot by Matt Cullen.
3:31 of 2nd period - Shot Blocked by Brett Pesce.
3:33 of 2nd period - Wrist shot by Jussi Jokinen.
3:33 of 2nd period - Shot Misses the Net.
3:37 of 2nd period - Snap shot by Jonathan Marchessault.
3:37 of 2nd period - Stopped by Brian Elliott without a rebound.
3:38 of 2nd period - MATHEW BARZAL wins face-off versus Tyler Seguin in Canadiens zone.
4:03 of 2nd period - Radko Gudas is hit by Andreas Athanasiou.
4:29 of 2nd period - Wrist shot by Chris Kreider.
4:29 of 2nd period - Shot Misses the Net.
4:31 of 2nd period - Wrist shot by Chris Kreider.
4:31 of 2nd period - Stopped by Braden Holtby without a rebound.
4:32 of 2nd period - MATHEW BARZAL wins face-off versus Tyler Seguin in Lightning zone.
4:37 of 2nd period - Slapshot by Patrick Marleau.
4:37 of 2nd period - Goal by Patrick Marleau - Lightning : 2 - Canadiens : 2.
4:38 of 2nd period - Ryan Nugent-Hopkins wins face-off versus MATHEW BARZAL in neutral zone.
5:04 of 2nd period - Mitchell Marner is hit by Tyler Seguin.
5:32 of 2nd period - Snap shot by Ryan Strome.
5:32 of 2nd period - Stopped by Braden Holtby with a rebound.
5:34 of 2nd period - Snap shot by Jake Muzzin.
5:34 of 2nd period - Deflect By Max Pacioretty.
5:34 of 2nd period - Stopped by Braden Holtby with a rebound.
5:46 of 2nd period - Alexei Emelin is hit by Jussi Jokinen and loses puck.
6:05 of 2nd period - Matt Cullen is hit by Antoine Roussel and loses puck.
6:18 of 2nd period - Slapshot by Sven Baertschi.
6:18 of 2nd period - Stopped by Braden Holtby with a rebound.
6:29 of 2nd period - Snap shot by Jussi Jokinen.
6:29 of 2nd period - Stopped by Brian Elliott with a rebound.
6:31 of 2nd period - Wrist shot by Jussi Jokinen.
6:31 of 2nd period - Stopped by Brian Elliott without a rebound.
6:32 of 2nd period - MATHEW BARZAL wins face-off versus Tyler Seguin in Canadiens zone.
7:22 of 2nd period - Slapshot by Antoine Vermette.
7:22 of 2nd period - Stopped by Brian Elliott without a rebound.
7:23 of 2nd period - Antoine Vermette wins face-off versus Nino Niederreiter in Canadiens zone.
7:36 of 2nd period - Wrist shot by Nino Niederreiter.
7:36 of 2nd period - Stopped by Braden Holtby without a rebound.
7:37 of 2nd period - MATHEW BARZAL wins face-off versus Tyler Seguin in Lightning zone.
7:46 of 2nd period - Snap shot by Reilly Smith.
7:46 of 2nd period - Deflect By Patrick Marleau.
7:46 of 2nd period - Shot Misses the Net.
7:46 of 2nd period - Puck is out of play.
7:47 of 2nd period - Radim Vrbata wins face-off versus MATHEW BARZAL in Lightning zone.
8:21 of 2nd period - Snap shot by Patrick Marleau.
8:21 of 2nd period - Goal by Patrick Marleau - Lightning : 2 - Canadiens : 3.
8:22 of 2nd period - Bryan Little wins face-off versus Ryan Nugent-Hopkins in neutral zone.
8:27 of 2nd period - Snap shot by Chris Kreider.
8:27 of 2nd period - Shot Blocked by Radko Gudas.
8:59 of 2nd period - Antoine Vermette is hit by Ryan Strome and loses puck.
9:19 of 2nd period - Jonathan Marchessault is hit by Patrick Marleau and loses puck.
9:30 of 2nd period - Wrist shot by Antoine Roussel.
9:30 of 2nd period - Shot Blocked by Dennis Seidenberg.
9:32 of 2nd period - Slapshot by Alexei Emelin.
9:32 of 2nd period - Shot Blocked by Johnny Boychuk.
9:40 of 2nd period - Antoine Roussel is hit by Nick Foligno and loses puck.
9:57 of 2nd period - Snap shot by Drew Stafford.
9:57 of 2nd period - Stopped by Brian Elliott without a rebound.
9:57 of 2nd period - Minor Penalty to Brian Elliott for Delaying the game.
9:58 of 2nd period - Tyler Seguin wins face-off versus Ryan Strome in Canadiens zone.
10:15 of 2nd period - Andrej Sekera is hit by Francois Beauchemin and loses puck.
10:50 of 2nd period - Radim Vrbata is hit by Alexei Emelin and loses puck.
11:57 of 2nd period - Penalty to Calvin de Haan is over, Calvin de Haan is back on ice.
12:04 of 2nd period - Snap shot by Antoine Vermette.
12:04 of 2nd period - Stopped by Brian Elliott with a rebound.
12:28 of 2nd period - Slapshot by Calvin de Haan.
12:28 of 2nd period - Deflect By Andreas Athanasiou.
12:28 of 2nd period - Shot Blocked by Noah Hanifin.
12:28 of 2nd period - Puck is out of play.
12:29 of 2nd period - Ryan Nugent-Hopkins wins face-off versus Ryan Strome in Lightning zone.
12:34 of 2nd period - Slapshot by Andrej Sekera.
12:34 of 2nd period - Stopped by Brian Elliott with a rebound.
12:36 of 2nd period - Slapshot by Andrej Sekera.
12:36 of 2nd period - Shot Blocked by Brent Seabrook.
12:40 of 2nd period - Snap shot by Ryan Nugent-Hopkins.
12:40 of 2nd period - Shot Misses the Net.
12:42 of 2nd period - Wrist shot by Viktor Stalberg.
12:42 of 2nd period - Shot Blocked by Brent Seabrook.
12:44 of 2nd period - Wrist shot by Ryan Nugent-Hopkins.
12:44 of 2nd period - Goal by Ryan Nugent-Hopkins - Lightning : 3 - Canadiens : 3.
12:45 of 2nd period - Matt Cullen wins face-off versus Ryan Strome in neutral zone.
12:50 of 2nd period - Backhand shot by Jonathan Marchessault.
12:50 of 2nd period - Stopped by Brian Elliott without a rebound.
12:51 of 2nd period - Ryan Strome wins face-off versus Matt Cullen in Canadiens zone.
12:51 of 2nd period - Ryan Strome is hit by Matt Cullen.
13:37 of 2nd period - Radko Gudas is hit by Calvin de Haan and loses puck.
14:24 of 2nd period - Backhand shot by Nino Niederreiter.
14:24 of 2nd period - Goal by Nino Niederreiter - Lightning : 3 - Canadiens : 4.
14:25 of 2nd period - MATHEW BARZAL wins face-off versus Matt Cullen in neutral zone.
14:30 of 2nd period - Snap shot by MATHEW BARZAL.
14:30 of 2nd period - Shot Misses the Net.
14:33 of 2nd period - Icing by Johnny Boychuk.
14:34 of 2nd period - MATHEW BARZAL wins face-off versus Matt Cullen in Lightning zone.
14:47 of 2nd period - Brett Pesce is hit by Dennis Seidenberg and loses puck.
15:12 of 2nd period - Slapshot by Jussi Jokinen.
15:12 of 2nd period - Shot Misses the Net.
15:14 of 2nd period - Wrist shot by Jussi Jokinen.
15:14 of 2nd period - Stopped by Brian Elliott with a rebound.
15:34 of 2nd period - Dennis Seidenberg is hit by Reilly Smith and loses puck.
15:45 of 2nd period - Wrist shot by Jonathan Marchessault.
15:45 of 2nd period - Stopped by Brian Elliott without a rebound.
15:46 of 2nd period - Bryan Little wins face-off versus Tyler Seguin in Canadiens zone.
16:52 of 2nd period - Slapshot by Andrej Sekera.
16:52 of 2nd period - Shot Blocked by Alexei Emelin.
16:54 of 2nd period - Snap shot by Radim Vrbata.
16:54 of 2nd period - Stopped by Brian Elliott without a rebound.
16:55 of 2nd period - Bryan Little wins face-off versus Tyler Seguin in Canadiens zone.
17:02 of 2nd period - Wrist shot by Brett Pesce.
17:02 of 2nd period - Deflect By Chris Kreider.
17:02 of 2nd period - Stopped by Braden Holtby without a rebound.
17:03 of 2nd period - Ryan Strome wins face-off versus Tyler Seguin in Lightning zone.
17:06 of 2nd period - Snap shot by Max Pacioretty.
17:06 of 2nd period - Goal by Max Pacioretty - Lightning : 3 - Canadiens : 5.
17:06 of 2nd period - Eddie Lack enters game.
17:07 of 2nd period - Tyler Seguin wins face-off versus Ryan Strome in neutral zone.
17:20 of 2nd period - Slapshot by Radim Vrbata.
17:20 of 2nd period - Shot Misses the Net.
17:43 of 2nd period - Snap shot by Ryan Nugent-Hopkins.
17:43 of 2nd period - Stopped by Brian Elliott with a rebound.
17:45 of 2nd period - Snap shot by Ryan Nugent-Hopkins.
17:45 of 2nd period - Shot Misses the Net.
18:16 of 2nd period - Off-side.
18:17 of 2nd period - Nick Foligno wins face-off versus MATHEW BARZAL in neutral zone.
19:13 of 2nd period - Wrist shot by Ryan Nugent-Hopkins.
19:13 of 2nd period - Shot Misses the Net.
19:57 of 2nd period - Snap shot by Reilly Smith.
19:57 of 2nd period - Shot Blocked by Nick Foligno.
Goals for this period are 1 for Lightning vs 4 for Canadiens.
Shots for this period are 16 for Lightning vs 12 for Canadiens.

3rd period


0:01 of 3rd period - Bryan Little wins face-off versus Tyler Seguin in neutral zone.
0:33 of 3rd period - Matt Cullen is hit by Max Pacioretty and loses puck.
1:14 of 3rd period - Snap shot by Tyler Seguin.
1:14 of 3rd period - Stopped by Brian Elliott with a rebound.
1:42 of 3rd period - Patrick Marleau is hit by Viktor Stalberg and loses puck.
2:02 of 3rd period - Minor Penalty to Radko Gudas for Hooking.
2:03 of 3rd period - Tyler Seguin wins face-off versus MATHEW BARZAL in Lightning zone.
2:12 of 3rd period - Chris Kreider is hit by Nick Foligno and loses puck.
3:15 of 3rd period - Tyler Seguin is hit by Mitchell Marner and loses puck.
4:02 of 3rd period - Penalty to Radko Gudas is over, Radko Gudas is back on ice.
4:08 of 3rd period - Antoine Vermette is hit by Brent Seabrook and loses puck.
4:31 of 3rd period - Nino Niederreiter is hit by Viktor Stalberg and loses puck.
4:49 of 3rd period - Icing by Nino Niederreiter.
4:50 of 3rd period - Matt Cullen wins face-off versus Ryan Strome in Canadiens zone.
5:05 of 3rd period - Icing by Ryan Strome.
5:06 of 3rd period - Tyler Seguin wins face-off versus Ryan Strome in Canadiens zone.
5:09 of 3rd period - Snap shot by Tyler Seguin.
5:09 of 3rd period - Stopped by Brian Elliott with a rebound.
5:30 of 3rd period - Wrist shot by Jake Muzzin.
5:30 of 3rd period - Stopped by Eddie Lack without a rebound.
5:31 of 3rd period - Matt Cullen wins face-off versus Bryan Little in Lightning zone.
5:43 of 3rd period - Off-side.
5:44 of 3rd period - Bryan Little wins face-off versus Tyler Seguin in neutral zone.
5:53 of 3rd period - Slapshot by Chris Kreider.
5:53 of 3rd period - Stopped by Eddie Lack with a rebound.
6:52 of 3rd period - Slapshot by Radko Gudas.
6:52 of 3rd period - Goal by Radko Gudas - Lightning : 4 - Canadiens : 5.
6:53 of 3rd period - Bryan Little wins face-off versus Tyler Seguin in neutral zone.
7:48 of 3rd period - Off-side.
7:49 of 3rd period - Tyler Seguin wins face-off versus MATHEW BARZAL in neutral zone.
7:52 of 3rd period - Snap shot by Nick Foligno.
7:52 of 3rd period - Stopped by Brian Elliott without a rebound.
7:53 of 3rd period - Tyler Seguin wins face-off versus MATHEW BARZAL in Canadiens zone.
8:00 of 3rd period - Snap shot by Tyler Seguin.
8:00 of 3rd period - Deflect By Patrick Marleau.
8:00 of 3rd period - Stopped by Brian Elliott without a rebound.
8:01 of 3rd period - MATHEW BARZAL wins face-off versus Tyler Seguin in Canadiens zone.
8:08 of 3rd period - Slapshot by Reilly Smith.
8:08 of 3rd period - Goal by Reilly Smith - Lightning : 4 - Canadiens : 6.
8:09 of 3rd period - Bryan Little wins face-off versus Matt Cullen in neutral zone.
9:00 of 3rd period - Snap shot by Jake Muzzin.
9:00 of 3rd period - Deflect By Jonathan Marchessault.
9:00 of 3rd period - Stopped by Eddie Lack with a rebound.
9:02 of 3rd period - Wrist shot by Patrick Marleau.
9:02 of 3rd period - Stopped by Eddie Lack with a rebound.
9:38 of 3rd period - Jake Muzzin is hit by Jussi Jokinen and loses puck.
10:03 of 3rd period - Wrist shot by Jussi Jokinen.
10:03 of 3rd period - Shot Misses the Net.
10:45 of 3rd period - Wrist shot by Jussi Jokinen.
10:45 of 3rd period - Shot Misses the Net.
11:52 of 3rd period - Snap shot by MATHEW BARZAL.
11:52 of 3rd period - Stopped by Eddie Lack with a rebound.
12:14 of 3rd period - Johnny Boychuk is hit by Patrick Marleau and loses puck.
12:59 of 3rd period - Snap shot by MATHEW BARZAL.
12:59 of 3rd period - Shot Blocked by Dennis Seidenberg.
13:01 of 3rd period - Slapshot by Jake Muzzin.
13:01 of 3rd period - Deflect By Patrick Marleau.
13:01 of 3rd period - Shot Misses the Net.
13:01 of 3rd period - Puck is out of play.
13:02 of 3rd period - Bryan Little wins face-off versus Radim Vrbata in Lightning zone.
13:11 of 3rd period - Andrej Sekera is hit by Francois Beauchemin and loses puck.
13:53 of 3rd period - Icing by Viktor Stalberg.
13:54 of 3rd period - Ryan Nugent-Hopkins wins face-off versus Bryan Little in Lightning zone.
14:05 of 3rd period - Snap shot by Drew Stafford.
14:05 of 3rd period - Stopped by Brian Elliott with a rebound.
14:13 of 3rd period - Snap shot by Ryan Nugent-Hopkins.
14:13 of 3rd period - Goal by Ryan Nugent-Hopkins - Lightning : 5 - Canadiens : 6.
14:14 of 3rd period - Tyler Seguin wins face-off versus Ryan Strome in neutral zone.
14:18 of 3rd period - Minor Penalty to Ryan Strome for Goalie Interference.
14:19 of 3rd period - Tyler Seguin wins face-off versus Mitchell Marner in Canadiens zone.
15:54 of 3rd period - Ryan Dzingel is hit by Max Pacioretty and loses puck.
16:18 of 3rd period - Penalty to Ryan Strome is over, Ryan Strome is back on ice.
16:53 of 3rd period - Viktor Stalberg is hit by Max Pacioretty and loses puck.
17:11 of 3rd period - Alexei Emelin is hit by Tyler Seguin and loses puck.
19:01 of 3rd period - Snap shot by Chris Kreider.
19:01 of 3rd period - Deflect By Sven Baertschi.
19:01 of 3rd period - Stopped by Eddie Lack with a rebound.
19:17 of 3rd period - Lightning, Eddie Lack is pulled from the net.
19:39 of 3rd period - Wrist shot by Chris Kreider.
19:39 of 3rd period - Goal by Chris Kreider - Lightning : 5 - Canadiens : 7.
19:39 of 3rd period - Eddie Lack from Lightning was sent back in the game.
19:40 of 3rd period - Nino Niederreiter wins face-off versus Ryan Nugent-Hopkins in neutral zone.
19:43 of 3rd period - Wrist shot by Ryan Strome.
19:43 of 3rd period - Stopped by Eddie Lack with a rebound.
19:45 of 3rd period - Backhand shot by Nino Niederreiter.
19:45 of 3rd period - Stopped by Eddie Lack with a rebound.
19:47 of 3rd period - Snap shot by Max Pacioretty.
19:47 of 3rd period - Stopped by Eddie Lack with a rebound.
19:49 of 3rd period - Snap shot by Nino Niederreiter.
19:49 of 3rd period - Stopped by Eddie Lack with a rebound.
Goals for this period are 2 for Lightning vs 2 for Canadiens.
Shots for this period are 7 for Lightning vs 12 for Canadiens.